 Dungeon Crawl Stone Soup version 0.19-a0-1815-g4007336 (webtiles) character file.

179 Atkozott the Basher (level 5, -3/54 HPs)
             Began as an Ogre Berserker on Oct 5, 2016.
             Was a Believer of Trog.
             Slain by an orc
             ... wielding a +0 flail
              (9 damage)
             ... on level 2 of the Dungeon.
             The game lasted 00:03:22 (1677 turns).

Atkozott the Basher (Ogre Berserker)                Turns: 1677, Time: 00:03:23

Health: -3/54      AC:  3    Str: 23    XL:     5   Next: 59%
Magic:  5/5        EV: 10    Int:  6    God:    Trog [**....]
Gold:   85         SH:  0    Dex:  9    Spells: 0 memorised, 4 levels left

rFire  . . .     SeeInvis .     a - +0 mace
rCold  . . .     Gourm    .     b - +0 animal skin
rNeg   . . .     Faith    .     (no shield)
rPois  .         Spirit   .     (helmet restricted)
rElec  .         Dismiss  .     (no cloak)
rCorr  .         Reflect  .     (gloves unavailable)
MR     .....     Harm     .     (boots unavailable)
Stlth  +.........               (no amulet)
                                (no ring)
                                (no ring)

@: no status effects
A: unfitting armour, tough skin 1
a: Berserk, Trog's Hand, Burn Spellbooks, Renounce Religion


You were on level 2 of the Dungeon.
You worshipped Trog.
Trog was pleased with you.
You were not hungry.

You visited 1 branch of the dungeon, and saw 2 of its levels.

You collected 85 gold pieces.

Inventory:

Hand Weapons
 a - a +0 mace (weapon)
Armour
 b - a +0 animal skin (worn)
 k - a +0 leather armour
Wands
 h - a wand of lightning (6/15)
Scrolls
 d - a scroll of immolation {unknown}
 n - a scroll of random uselessness {unknown}
Potions
 e - a potion of haste
 j - 2 potions of flight {unknown}
 m - a potion of degeneration {unknown}
Comestibles
 c - a bread ration
 f - a royal jelly
 g - 2 beef jerkies
 i - a slice of pizza
 l - a chunk of flesh


   Skills:
 - Level 4.0 Fighting
 + Level 8.0 Maces & Flails
 - Level 2.6 Dodging


You had 4 spell levels left.
You didn't know any spells.

Dungeon Overview and Level Annotations

Branches:
Dungeon (2/15)

Altars:
Ru
Trog
Vehumet


Innate Abilities, Weirdness & Mutations

You are too large for most types of armour.
You have tough skin. (AC +1)


Message History

You barely miss the goblin.
The goblin is moderately wounded.
The orc barely misses you. The goblin closely misses you.
You barely miss the goblin.
The goblin is moderately wounded.
The orc closely misses you. The goblin misses you.
You closely miss the goblin.
The goblin is moderately wounded.
The goblin barely misses you. The orc closely misses you.
You sock the goblin!
You kill the goblin!
Trog accepts your kill.
A quokka comes into view.
The orc hits you with a flail!
Things that are here:
a dagger; a goblin corpse You closely miss the orc.
The orc hits you with a flail!
* * * LOW HITPOINT WARNING * * *
You barely miss the orc. The orc hits you with a flail!
You die...

.....###.... ........##.
. ##.#..####... ..
#..##..###..# r..
###†#.........#
...######.....##..###.#
r...##.....####.#...#
#.##..#..######.....#.
##..).@....##..........
........o.##.##.###.##.#.
...####..###....##..#....
. .....# #.............
......?##..............
.......................
.......................
#......................
.......................


You could see an orc and a quokka (wandering).

Vanquished Creatures
  Ijyb (D:2)
  Natasha (thrice) (D:2)
  2 adders (D:2)
  A worm (D:2)
  A dart slug (D:1)
  2 leopard geckos (D:2)
  3 orcs (D:2)
  3 giant cockroaches
  7 goblins
  8 hobgoblins
  4 kobolds
  A quokka (D:2)
  A ball python (D:2)
  6 bats
  A frilled lizard (D:1)
  9 rats
53 creatures vanquished.

Notes
Turn   | Place    | Note
-------+----------+-------------------------------------------
     0 | D:1      | Atkozott the Ogre Berserker began the quest for the Orb.
     0 | D:1      | Reached XP level 1. HP: 24/24 MP: 1/1
   123 | D:1      | Reached XP level 2. HP: 29/32 MP: 2/2
   235 | D:1      | Reached skill level 5 in Maces & Flails
   505 | D:1      | Reached XP level 3. HP: 39/39 MP: 3/3
   681 | D:1      | Reached ** piety under Trog
   800 | D:2      | Noticed Ijyb
   822 | D:2      | Killed Ijyb
   822 | D:2      | Reached skill level 6 in Maces & Flails
   822 | D:2      | Reached XP level 4. HP: 17/48 MP: 4/4
  1248 | D:2      | Found a bloodstained altar of Trog.
  1276 | D:2      | Found a radiant altar of Vehumet.
  1276 | D:2      | Found a sacrificial altar of Ru.
  1394 | D:2      | Reached skill level 7 in Maces & Flails
  1586 | D:2      | Noticed Natasha
  1593 | D:2      | Killed Natasha
  1593 | D:2      | Reached XP level 5. HP: 41/54 MP: 5/5
  1599 | D:2      | Noticed Natasha
  1613 | D:2      | Killed Natasha
  1615 | D:2      | Noticed Natasha
  1629 | D:2      | Killed Natasha
  1629 | D:2      | Reached skill level 8 in Maces & Flails
  1677 | D:2      | Slain by an orc

Vault maps used:
D:1:      eino_arrival_druids_welcome, solitary_fountain
D:2:      lemuel_crystal_altar, lemuel_crystal_altar,
          gammafunk_temple_overflow_statue, guppyfry_early_orc_mine,
          uniq_natasha, uniq_iyjb

Skill      XL: |  1  2  3  4  5 |
---------------+----------------+-----
Maces & Flails | 5 6 7 8 |  8.0
Fighting       | |  4.0
Dodging        | |  2.6

Action                   |  1- 3 |  4- 6 || total
-------------------------+-------+-------++-------
Melee: Mace              |    88 |    91 ||   179
Invok: Berserk           |     1 |       ||     1
  Eat: Chunk             |       |     4 ||     4
Armor: Animal skin       |    36 |    19 ||    55
Dodge: Dodged            |    40 |    52 ||    92
